 Dungeon Crawl Stone Soup version 0.27.1 (webtiles) character file.

Game seed: 12350340017049331163

207 calewdscratch the Sneak (level 6, -5/32 HPs)
             Began as a Kobold Enchanter on Aug 31, 2021.
             Killed from afar by an orc wizard (9 damage)
             ... with a magic dart
             ... on level 3 of the Dungeon.
             The game lasted 00:34:35 (4046 turns).

calewdscratch the Sneak (Kobold Enchanter)          Turns: 4046, Time: 00:34:35

Health: -5/32      AC:  3    Str:  5    XL:     6   Next: 10%
Magic:  1/9        EV: 15    Int: 22    God:
Gold:   70         SH:  0    Dex: 18    Spells: 4/9 levels left

rFire    . . .     SeeInvis .   l - +0 short sword
rCold    . . .     Faith    .   (shield restricted)
rNeg     . . .     Spirit   .   b - +0 robe
rPois    .         Reflect  .   o - +0 helmet
rElec    .         Harm     .   (no cloak)
rCorr    .         Rampage  .   (no gloves)
Will     +....                  (no boots)
Stlth    +++++.....             (no amulet)
HPRegen  0.10/turn              i - ring of willpower
MPRegen  0.11/turn              q - +6 ring of intelligence

@: no status effects
A: small, no large weapons, nightstalker 3
a: no special abilities


You were on level 3 of the Dungeon.
You visited 1 branch of the dungeon, and saw 3 of its levels.

You collected 98 gold pieces.
You spent 28 gold pieces at shops.

Inventory:

Hand Weapons
 a - a +1 dagger
 l - a +0 short sword (weapon)
Missiles
 h - 36 arrows
 r - 29 bolts
 s - 3 poisoned darts
Armour
 b - a +0 robe (worn)
 d - a +0 leather armour
 o - a +0 helmet (worn)
Jewellery
 i - a ring of willpower (left hand)
 q - a +6 ring of intelligence (right hand)
Scrolls
 g - a scroll of noise {unknown}
 j - a scroll of fog {unknown}
 k - a scroll of teleportation {unknown}
 m - a scroll of immolation {unknown}
 p - a scroll of identify
Potions
 c - a potion of attraction {unknown}
 e - a potion of magic {unknown}
 f - a potion of degeneration {unknown}
 n - a potion of brilliance {unknown}


   Skills:
 + Level 4.8 Short Blades
 - Level 2.4 Dodging
 + Level 6.9 Stealth
 - Level 2.1 Spellcasting
 - Level 3.2 Hexes


You had 4 spell levels left.
You knew the following spells:

 Your Spells              Type           Power      Damage    Failure   Level
a - Corona                Hex            17%        N/A       3%          1
b - Ensorcelled Hibernat  Hex/Ice        18%        N/A       11%         2
c - Slow                  Hex            16%        N/A       5%          2

Your spell library contained the following spells:

 Spells                   Type           Power      Damage    Failure   Level
 Confusing Touch          Hex            16%        N/A       11%         3
 Tukima's Dance           Hex            16%        N/A       11%         3
 Dazzling Flash           Conj/Hex       18%        N/A       21%         3
 Vampiric Draining        Necr           1%         2d6       38%         3


Dungeon Overview and Level Annotations

Branches:
Dungeon (3/15)

Altars:

Shops:
D:1 =   D:3 ?*


Innate Abilities, Weirdness & Mutations

You are small and have problems with some larger weapons.
You are completely attuned to the shadows.


Message History

The orc is severely wounded.
Casting: Ensorcelled Hibernation (safe; 11% risk of failure)
Confirm with . or Enter, or press ? or * to list all spells.
Aiming: Ensorcelled Hibernation (safe; 11% risk of failure)
Press: ? - help, Shift-Dir - straight line, f - orc
Aim: an orc, wielding a +0 flail (severely wounded, chance to affect: 58%)
The orc resists with significant effort.
The orc closely misses you.
Casting: Ensorcelled Hibernation (safe; 11% risk of failure)
Confirm with . or Enter, or press ? or * to list all spells.
Aiming: Ensorcelled Hibernation (safe; 11% risk of failure)
Press: ? - help, Shift-Dir - straight line, f/p - orc
Aim: an orc, wielding a +0 flail (severely wounded, chance to affect: 58%)
The orc looks drowsy...
The helpless orc fails to defend itself.
You impale the orc!!
You kill the orc!
Aiming: Corona (safe; 3% risk of failure)
Press: ? - help, Q - select action, (/) - cycle Shift-Dir - straight line The orc wizard is outlined in light.
The orc wizard closely misses you.
You barely miss the orc wizard.
The orc wizard hits you with a +0 dagger.
* * * LOW HITPOINT WARNING * * *
You hit the orc wizard but do no damage.
The orc wizard completely misses you.
You hit the orc wizard.
The orc wizard is moderately wounded.
The orc wizard closely misses you.
You hit the orc wizard but do no damage.
The orc wizard is moderately wounded.
The orc wizard hits you with a +0 dagger.
* * * LOW HITPOINT WARNING * * *
You barely miss the orc wizard.
The orc wizard is moderately wounded.
You barely miss the orc wizard.
The orc wizard is moderately wounded.
The orc wizard gestures at you while chanting.
The magic dart hits you!
You die...

#........+..#.#
#........#
######.#.#
#.#.# #.# #.#
#.#
##########.#
...o@......#
############


You could see an orc wizard (invisible, corona).

Vanquished Creatures
  An ogre (D:2)
  4 adders (D:2)
  2 worms (D:2)
  A dart slug (D:3)
  4 orcs (D:3)
  5 bats
  4 endoplasms
  4 giant cockroaches
  5 goblins
  2 hobgoblins
  10 jackals
  5 quokkas
  5 ball pythons
  8 frilled lizards
  4 kobolds
  6 rats
70 creatures vanquished.

Notes
Turn   | Place    | Note
-------+----------+-------------------------------------------
     0 | D:1      | calewdscratch the Kobold Enchanter began the quest for the
                  | Orb.
     0 | D:1      | Reached XP level 1. HP: 10/10 MP: 3/3
   158 | D:1      | Found a faded altar of an unknown god.
   464 | D:1      | Reached XP level 2. HP: 15/15 MP: 5/5
   898 | D:1      | Found Houtoz's Jewellery Emporium.
  1040 | D:1      | Learned a level 2 spell: Ensorcelled Hibernation
  1043 | D:1      | Learned a level 2 spell: Slow
  1295 | D:2      | Reached XP level 3. HP: 12/19 MP: 1/6
  1541 | D:2      | Reached skill level 5 in Stealth
  1783 | D:2      | Reached XP level 4. HP: 15/24 MP: 0/7
  2110 | D:2      | Noticed an ogre
  2202 | D:2      | Killed an ogre
  2203 | D:2      | Reached skill level 6 in Stealth
  2203 | D:2      | Reached XP level 5. HP: 28/28 MP: 5/8
  2767 | D:2      | Reached XP level 6. HP: 23/32 MP: 6/9
  3250 | D:3      | Found Cipeujao's Magic Scroll Emporium.
  3255 | D:3      | Bought a scroll of identify for 28 gold pieces
  3940 | D:3      | Found Dixuxky's Assorted Antiques.
  4046 | D:3      | Killed from afar by an orc wizard

Illustrated notes

Levels and vault maps discovered:
D:1:      lightli_arrival_maybe_door_vault, layout_basic,
          hellmonk_ecumenical_altar_lost_god, serial_shops, shop_fountains,
          minmay_misc_feat_encased, patterned_corridor
D:2:      minmay_alternating_diamond, layout_rooms, st_stairs_6,
          minmay_hexomino_u4
D:3:      layout_basic, serial_shops, nicolae_diamond_shop,
          nicolae_shop_waterfront

Skill      XL: |  1  2  3  4 |
---------------+-------------+-----
Short Blades   | 2 4 |  4.8
Stealth        | 5 6 |  6.9
Dodging        | |  2.4
Spellcasting   | |  2.1
Hexes          | |  3.2

Action                   |  1- 3 |  4- 6 || total
-------------------------+-------+-------++-------
Melee: Dagger            |    62 |    86 ||   148
       Short sword       |       |    62 ||    62
 Cast: Corona            |     3 |     1 ||     4
       Ensorcelled Hiber |    14 |    32 ||    46
 Stab: Sleeping          |    23 |    30 ||    53
Armor: Robe              |    10 |    19 ||    29
Dodge: Dodged            |    37 |    93 ||   130
